 Dungeon Sprint DCSS version 0.26-a0-661-g406de6ba63 (webtiles) character file.

Game seed: 784354255277884487

24665 mhtbhm the Sorcerer (level 12, -24/67 HPs)
             Began as a Deep Elf Earth Elementalist on Oct 8, 2020.
             Was the Champion of Vehumet.
             Annihilated by Rupert
             ... wielding a +1 great mace of protection
              (30 damage)
             ... while paralysed by Rupert
             ... in the Dungeon (Sprint III: "The Ten Rune Challenge").
             The game lasted 00:13:21 (3304 turns).

mhtbhm the Sorcerer (Deep Elf Earth Elementalist)   Turns: 3304, Time: 00:13:22

Health: -24/67     AC:  4    Str: 10    XL:     12   Next: 82%
Magic:  43/53      EV:  2    Int: 28    God:    Vehumet [******]
Gold:   1282       SH:  0    Dex: 19    Spells: 16/63 levels left

rFire    + + +     SeeInvis +   w - staff of earth
rCold    + . .     Faith    .   (no shield)
rNeg     + . .     Spirit   .   a - +0 robe {rC+ rF+}
rPois    +         Reflect  .   C - +1 helmet {SInv}
rElec    .         Harm     .   (no cloak)
rCorr    .         Rampage  .   (no gloves)
MR       +....     NoTele   +   (no boots)
Stlth    +++.......             (no amulet)
HPRegen  0.21/turn              u - ring of Twilight {MP+9 Str+5 Dex+4}
MPRegen  0.33/turn              y - ring "Exkox" {rF++ rN+}

@: paralysed
A: hooves 1, clever 1, poison resistance, robust 1
a: Renounce Religion


You were in the Dungeon.
You worshipped Vehumet.
Vehumet was exalted by your worship.
You visited 1 branch You collected 1712 gold pieces.
You spent 430 gold pieces at shops.

Inventory:

Missiles
 b - 13 stones (quivered)
 k - 7 curare-tipped darts
Armour
 a - a +0 robe of resistance (worn)
 i - a scarf of repulsion
 C - a +1 helmet of see invisible (worn)
Magical Staves
 w - an uncursed staff of earth (weapon)
Jewellery
 r - an uncursed ring of see invisible
 u - the ring of Twilight (left hand) {MP+9 Str+5 Dex+4}
   (You took it off a deep elf annihilator in the Dungeon)

   [ring of magical power]

   It affects your strength (+5).
   It affects your dexterity (+4).
   It affects your magic capacity (+9).
 x - the ring of Okawaru's Whim {Fire rN+++ Str-3 Int+3}
   (You found it in the Dungeon)

   [ring of fire]

   It enhances your fire magic.
   It affects your strength (-3).
   It affects your intelligence (+3).
   It protects you from fire.
   It makes you vulnerable to cold.
   It renders you almost immune to negative energy.
 y - the ring "Exkox" (right hand) {rF++ rN+}
   (You found it in the Dungeon)

   [ring of positive energy]

   It greatly protects you from fire.
   It protects you from negative energy.
Wands
 t - a wand of polymorph (11)
Scrolls
 j - a scroll of immolation
 l - a scroll of torment
 m - 2 scrolls of remove curse
 n - a scroll of blinking
 o - a scroll of magic mapping
 s - 2 scrolls of silence
 v - 3 scrolls of amnesia
 z - a scroll of identify
Potions
 c - 2 potions of mutation
 d - 3 potions of curing
 e - 2 potions of heal wounds
 f - a potion of haste
 g - 2 potions of magic
 h - 3 potions of berserk rage
 p - 2 potions of might
Miscellaneous
 q - a lightning rod (4/4)
 A - a phantom mirror
 B - a tin of tremorstones (3/3)


   Skills:
 + Level 1.5 Fighting
 + Level 6.3 Dodging
 + Level 5.4 Stealth
 + Level 26.4 Spellcasting
 + Level 4.7 Conjurations
 - Level 2.9 Transmutations
 + Level 2.3 Fire Magic
 + Level 22.5 Earth Magic
 + Level 2.5 Poison Magic
 + Level 3.8 Evocations


You had 16 spell levels left.
You knew the following spells:

 Your Spells              Type           Power        Failure   Level
a - Sandblast             Erth           ######       0%          1
b - Passwall              Tmut/Erth      ########     0%          2
c - Stone Arrow           Conj/Erth      ######       0%          3
d - Lee's Rapid Deconstr  Erth           ########..   0%          5
e - Petrify               Tmut/Erth      ########     1%          4
f - Ignite Poison         Fire/Tmut/Pois ######..     1%          3
g - Olgreb's Toxic Radia  Pois           ######..     1%          4
h - Fireball              Conj/Fire      ######....   1%          5
i - Bolt of Magma         Conj/Fire/Erth #######...   1%          5
j - Iron Shot             Conj/Erth      ########..   1%          6
k - Shatter               Erth           ########..   2%          9

Your spell library contained the following spells:

 Spells                   Type           Power        Failure   Level
 Orb of Destruction       Conj           ######....   22%         7
 Apportation              Tloc           #####.       1%          1
 Foxfire                  Conj/Fire      ####         1%          1
 Magic Dart               Conj           ####         1%          1
 Searing Ray              Conj           ######       1%          2
 Dazzling Flash           Conj/Hex       ######       1%          3
 Fulminant Prism          Conj/Hex       ######....   1%          4
 Iskenderun's Mystic Bla  Conj/Tloc      ######..     1%          4
 Leda's Liquefaction      Hex/Erth       ########..   1%          4
 Statue Form              Tmut/Erth      ########.    1%          6
 Confusing Touch          Hex            #####...     2%          3
 Gell's Gravitas          Tloc           #####.....   2%          3
 Lesser Beckoning         Tloc           #####.....   2%          3
 Tukima's Dance           Hex            #####...     2%          3
 Yara's Violent Unravell  Hex/Tmut       #####.....   3%          5
 Alistair's Intoxication  Tmut/Pois      ######...    7%          5
 Cause Fear               Hex            #####.....   8%          4
 Metabolic Englaciation   Hex/Ice        #####.....   21%         5
 Invisibility             Hex            #####...     75%         6
 Dragon Form              Tmut           ######....   88%         7
 Dragon's Call            Summ           #####.....   100%        9


Dungeon Overview and Level Annotations

Branches:
Dungeon (1/1)

Altars:
Cheibriados
Dithmenos
Elyvilon
Fedhas
Gozag
Hepliaklqana
Kikubaaqudgha
Makhleb
Nemelex Xobeh
Okawaru
Qazlal
Ru
Sif Muna
Trog
Uskayaw
Vehumet
Wu Jian
Xom
Yredelemnul
Zin
The Shining One
Beogh
Jiyva
Lugonu

Shops:
D (??[(=!([:}*

Annotations:
D Rupert


Innate Abilities, Weirdness & Mutations

You have large cloven feet.
Your mind is acute. (Int +2)
Your system is resistant to poisons. (rPois)
You are robust. (+10% HP)


Message History

You feel a surge of power!
The iron shot hits Rupert!!!
Rupert is heavily wounded.
Unknown command.
Casting: Iron Shot (dangerous; 1% risk of failure)
Confirm with . or Enter, or press ? or * to list all spells.
Aiming: Iron Shot (dangerous; 1% risk of failure)
Press: ? - help, Shift-Dir - straight line, f/p - Rupert
Aim: Rupert, wielding a +1 great mace of protection and wearing a cursed +0 leather armour (heavily wounded)
You feel a surge of power!
The iron shot hits Rupert!!!
Rupert is severely wounded.
Rupert roars wildly at you.
You suddenly lose the ability to move!
Rupert roars madly and goes into a rage!
Rupert goes berserk!
Rupert hits you with a +1 great mace of protection!
Rupert hits you with a +1 great mace of protection!!
Rupert hits you with a +1 great mace of protection!!
* * * LOW HITPOINT WARNING * * *
Rupert hits you with a +1 great mace of protection!!
You die...

#..###..##.#.....#.))#__#
#..# #.. ####....#___#__'
▓▓▓▓▓▓▓▓▓▓▓▓▓▓▓▓▓▓▓▓▓▓▓▓▓
+≈≈≈≈≈≈≈≈†.......♣♣♣♣
#≈≈≈≈§§≈≈≈...≈≈≈≈†♣♣'
#≈≈≈§≈§†≈≈†'....†#.≈♣
#≈≈≈§≈§≈≈≈...♣♣♣♣#..♣
#.≈≈≈.≈≈≈.....♣ ###+
####@#######♣♣♣
........@......
#+#############


You could see Rupert (berserk).

Vanquished Creatures
  Sigmund (D)
  A deep elf blademaster (D)
  2 deep elf annihilators (D)
  A deep elf death mage (D)
  A deep elf high priest (D)
  A centaur warrior (D)
  Erica (D)
  A deep elf knight (D)
  4 orc high priests (D)
  An unseen horror (D)
  An obsidian statue (D)
  An orc sorcerer (D)
  4 crystal guardians (D)
  7 deep elf magi (D)
  4 statues (D)
  Edmund (D)
  A rime drake (D)
  2 cane toads (D)
  A komodo dragon (D)
  3 wandering mushrooms (D)
  A queen bee (D)
  5 blink frogs (D)
  A shadow (D)
  A spatial vortex (D)
  A swamp drake (D)
  4 orc warriors (D)
  A necrophage (D)
  2 centaurs (D)
  An earth elemental (D)
  A water elemental (D)
  A scorpion (D)
  32 killer bees (D)
  A jelly (D)
  An orc wizard (D)
  4 orc priests (D)
  Jessica (D)
  A wizard (D)
  A necromancer (D)
  3 humans (D)
  A kobold demonologist (D)
  2 oozes (D)
  8 orcs (D)
  A rat (D)
114 creatures vanquished.

Vanquished Creatures (others)
  10 plants (D)
10 creatures vanquished.

Grand Total: 124 creatures vanquished

Notes
Turn   | Place    | Note
-------+----------+-------------------------------------------
     0 | D        | mhtbhm the Deep Elf Earth Elementalist began the quest for
                  | the Orb.
     0 | D        | Reached XP level 1. HP: 10/10 MP: 6/6
    38 | D        | Reached XP level 2. HP: 15/15 MP: 6/8
    73 | D        | Noticed Jessica
    77 | D        | Killed Jessica
    77 | D        | Reached skill level 4 in Spellcasting
    77 | D        | Reached XP level 3. HP: 19/19 MP: 6/11
   120 | D        | Learned a level 2 spell: Passwall
   124 | D        | Learned a level 3 spell: Stone Arrow
   143 | D        | Gained mutation: You have large cloven feet. [potion of
                  | mutation]
   143 | D        | Gained mutation: You are robust. (+10% HP) [potion of
                  | mutation]
   143 | D        | Gained mutation: Your system is resistant to poisons.
                  | (rPois) [potion of mutation]
   143 | D        | Gained mutation: Your mind is acute. (Int +2) [potion of
                  | mutation]
   146 | D        | Noticed a scorpion
   152 | D        | Reached skill level 5 in Spellcasting
   155 | D        | Killed a scorpion
   155 | D        | Reached skill level 6 in Spellcasting
   155 | D        | Reached XP level 4. HP: 11/26 MP: 3/14
   338 | D        | Noticed a water elemental
   340 | D        | Killed a water elemental
   340 | D        | Reached skill level 7 in Spellcasting
   340 | D        | Reached XP level 5. HP: 30/30 MP: 11/17
   385 | D        | Learned a level 5 spell: Lee's Rapid Deconstruction
   390 | D        | Learned a level 4 spell: Petrify
   394 | D        | Found a radiant altar of Vehumet.
   396 | D        | Reached skill level 8 in Spellcasting
   397 | D        | Found a shimmering blue altar of Sif Muna.
   398 | D        | Found an ancient bone altar of Kikubaaqudgha.
   408 | D        | Became a worshipper of Vehumet
   436 | D        | Found a basalt altar of Yredelemnul.
   436 | D        | Found a shadowy altar of Dithmenos.
   436 | D        | Found a sacrificial altar of Ru.
   436 | D        | Noticed a necrophage
   437 | D        | Reached skill level 10 in Earth Magic
   438 | D        | Killed a necrophage
   438 | D        | Reached skill level 5 in Dodging
   438 | D        | Reached skill level 9 in Spellcasting
   438 | D        | Reached XP level 6. HP: 35/35 MP: 8/20
   514 | D        | Found a glowing silver altar of Zin.
   514 | D        | Found a glowing golden altar of the Shining One.
   514 | D        | Found a white marble altar of Elyvilon.
   514 | D        | Noticed a deep elf mage
   515 | D        | Killed a deep elf mage
   515 | D        | Reached * piety under Vehumet
   515 | D        | Offered knowledge of Shock by Vehumet.
   515 | D        | Reached skill level 5 in Stealth
   515 | D        | Reached skill level 12 in Spellcasting
   515 | D        | Reached XP level 7. HP: 39/39 MP: 15/24
   529 | D        | Found a hide-covered altar of Uskayaw.
   529 | D        | Found a roughly hewn altar of Beogh.
   529 | D        | Found an iron altar of Okawaru.
   529 | D        | Found a bloodstained altar of Trog.
   529 | D        | Found an ornate altar of the Wu Jian Council.
   529 | D        | Noticed a human
   529 | D        | Noticed a human
   532 | D        | Killed a human
   532 | D        | Killed a human
   532 | D        | Reached skill level 13 in Spellcasting
   602 | D        | Reached ** piety under Vehumet
   602 | D        | Noticed a shadow
   606 | D        | Killed a shadow
   606 | D        | Reached XP level 8. HP: 45/45 MP: 6/27
   712 | D        | Found a blossoming altar of Fedhas.
   712 | D        | Found a stormy altar of Qazlal.
   712 | D        | Found a snail-covered altar of Cheibriados.
   712 | D        | Found a burning altar of Makhleb.
   712 | D        | Found a shimmering altar of Xom.
   713 | D        | Found a hazy altar of Hepliaklqana.
   713 | D        | Found an opulent altar of Gozag.
   713 | D        | Found a sparkling altar of Nemelex Xobeh.
   713 | D        | Found a corrupted altar of Lugonu.
   713 | D        | Found a viscous altar of Jiyva.
   716 | D        | Offered knowledge of Freeze by Vehumet.
   716 | D        | Reached skill level 14 in Spellcasting
   757 | D        | Noticed Erica
   763 | D        | Killed Erica
   763 | D        | Reached skill level 15 in Spellcasting
   763 | D        | Reached skill level 15 in Earth Magic
   882 | D        | Offered knowledge of Static Discharge by Vehumet.
   882 | D        | Reached *** piety under Vehumet
   882 | D        | Reached XP level 9. HP: 49/49 MP: 22/30
   924 | D        | Reached skill level 16 in Spellcasting
   961 | D        | Noticed a centaur warrior
   965 | D        | Killed a centaur warrior
   965 | D        | Reached skill level 17 in Spellcasting
  1175 | D        | Killed an unseen horror
  1175 | D        | Offered knowledge of Ignite Poison by Vehumet.
  1175 | D        | Reached **** piety under Vehumet
  1175 | D        | Reached skill level 18 in Spellcasting
  1213 | D        | Noticed a wandering mushroom
  1217 | D        | Noticed a wandering mushroom
  1224 | D        | Killed a wandering mushroom
  1225 | D        | Noticed a wandering mushroom
  1231 | D        | Killed a wandering mushroom
  1236 | D        | Killed a wandering mushroom
  1236 | D        | Reached skill level 1 in Conjurations
  1236 | D        | Reached skill level 1 in Evocations
  1236 | D        | Reached XP level 10. HP: 55/55 MP: 4/34
  1328 | D        | Learned a level 3 spell: Ignite Poison
  1391 | D        | Offered knowledge of Frozen Ramparts by Vehumet.
  1393 | D        | Reached ***** piety under Vehumet
  1393 | D        | Reached skill level 19 in Spellcasting
  1396 | D        | Reached ****** piety under Vehumet
  1544 | D        | Found Fatav's Antique Weapon Boutique.
  1545 | D        | Offered knowledge of Olgreb's Toxic Radiance by Vehumet.
  1545 | D        | Reached skill level 20 in Spellcasting
  1550 | D        | Noticed an orc high priest
  1552 | D        | Killed an orc high priest
  1552 | D        | Killed an orc sorcerer
  1669 | D        | Noticed a deep elf mage
  1669 | D        | Noticed a deep elf knight
  1669 | D        | Noticed a deep elf mage
  1669 | D        | Noticed a deep elf mage
  1669 | D        | Noticed a deep elf mage
  1676 | D        | Killed a deep elf mage
  1676 | D        | Reached skill level 21 in Spellcasting
  1677 | D        | Killed a deep elf knight
  1677 | D        | Reached XP level 11. HP: 60/60 MP: 28/38
  1677 | D        | Killed a deep elf mage
  1677 | D        | Killed a deep elf mage
  1682 | D        | Killed a deep elf mage
  1682 | D        | Reached skill level 22 in Spellcasting
  1742 | D        | Identified the ring of Twilight {MP+9 Str+5 Dex+4}
  1742 | D        | Noticed a deep elf annihilator
  1750 | D        | Learned a level 4 spell: Olgreb's Toxic Radiance
  1750 | D        | Noticed a deep elf mage
  1752 | D        | Noticed a deep elf blademaster
  1754 | D        | Noticed a deep elf annihilator
  1755 | D        | Killed a deep elf mage
  1762 | D        | Noticed a deep elf high priest
  1764 | D        | Noticed a deep elf mage
  1766 | D        | Killed a deep elf annihilator
  1766 | D        | Offered knowledge of Fireball by Vehumet.
  1766 | D        | Reached skill level 1 in Poison Magic
  1802 | D        | Learned a level 5 spell: Fireball
  1806 | D        | Noticed a deep elf death mage
  1811 | D        | Killed a deep elf death mage
  1813 | D        | Killed a deep elf annihilator
  1813 | D        | Reached skill level 23 in Spellcasting
  2016 | D        | Killed a deep elf mage
  2101 | D        | Killed a deep elf blademaster
  2101 | D        | Reached skill level 1 in Fire Magic
  2277 | D        | Killed a deep elf high priest
  2277 | D        | Reached skill level 24 in Spellcasting
  2319 | D        | Got a scintillating glass ring
  2319 | D        | Got a fine gossamer ring
  2343 | D        | Identified the ring of Okawaru's Whim {Fire rN+++ Str-3
                  | Int+3} (You found it in the Dungeon)
  2345 | D        | Identified the ring "Exkox" {rF++ rN+} (You found it in the
                  | Dungeon)
  2374 | D        | Learned a level 5 spell: Bolt of Magma
  2381 | D        | Learned a level 6 spell: Iron Shot
  2391 | D        | Learned a level 9 spell: Shatter
  2486 | D        | Reached skill level 1 in Fighting
  2486 | D        | Reached XP level 12. HP: 61/66 MP: 35/42
  2495 | D        | Offered knowledge of Iskenderun's Battlesphere by Vehumet.
  2578 | D        | Noticed Sigmund
  2578 | D        | Noticed Edmund
  2581 | D        | Killed Sigmund
  2581 | D        | Reached skill level 25 in Spellcasting
  2588 | D        | Killed Edmund
  2830 | D        | Offered knowledge of Conjure Ball Lightning by Vehumet.
  2936 | D        | Reached skill level 26 in Spellcasting
  2959 | D        | Found Heiraili's Antique Armour Shop.
  2959 | D        | Found Cevve's Distillery.
  2959 | D        | Found Muun's Antique Weapon Boutique.
  2959 | D        | Found Iwnoregi's Weapon Emporium.
  2959 | D        | Found Hiawikk's Assorted Antiques.
  2959 | D        | Found Bocoremeli's Jewellery Boutique.
  2959 | D        | Found Jeutug's Antique Armour Shoppe.
  2959 | D        | Found Vilaf's Gadget Emporium.
  2959 | D        | Found Wafe's Magic Scroll Shop.
  2959 | D        | Found Zamyts's Book Boutique.
  2959 | D        | Found Mistinofoi's Magic Scroll Emporium.
  2994 | D        | Bought an embroidered scarf for 248 gold pieces
  2995 | D        | Bought a scroll of blinking for 105 gold pieces
  2995 | D        | Bought a scroll of magic mapping for 49 gold pieces
  2995 | D        | Bought a scroll of identify for 28 gold pieces
  3126 | D        | Offered knowledge of Orb of Destruction by Vehumet.
  3296 | D        | Noticed Rupert
  3298 | D        | Paralysed by Rupert for 7 turns
  3304 | D        | Annihilated by Rupert

Illustrated notes

Levels and vault maps discovered:
D:        dungeon_sprint_mu [sprint_mu_entry_cave, sprint_mu_temple_rooms,
          sprint_mu_d1_horrors, sprint_mu_d2_genie, sprint_mu_d3_branching,
          sprint_mu_orc_legion, sprint_mu_elf_gauntlet, sprint_mu_hive_nellie,
          sprint_mu_lair_fedhas, sprint_mu_vaults_butterflies,
          sprint_mu_slime_circle, sprint_mu_shoals_kraken,
          sprint_mu_snake_twists, sprint_mu_blade_basic,
          sprint_mu_crypt_chambers, sprint_mu_tomb_spiral,
          sprint_mu_vestibule_basic, sprint_mu_gehenna_hellfire,
          sprint_mu_dis_giant, sprint_mu_tartarus_statrot,
          sprint_mu_cocytus_islands, sprint_mu_zot1]

Skill      XL: |  1  2  3  4  5  6  7  8  9 10 11 12 |
---------------+-------------------------------------+-----
Earth Magic    | 4 6 8 9 10 12 14 15 17 18 20 22 | 22.5
Dodging        | 3 4 5 6 |  6.3
Stealth        | 3 4 5 |  5.4
Spellcasting   | 4 6 7 9 12 13 15 18 21 24 26 | 26.4
Transmutations | 2 |  2.9
Conjurations   | 1 2 4 |  4.7
Evocations     | 1 3 |  3.8
Poison Magic   | 2 |  2.5
Fire Magic     | 1 2 |  2.3
Fighting       | 1 |  1.5

Action                   |  1- 3 |  4- 6 |  7- 9 | 10-12 || total
-------------------------+-------+-------+-------+-------++-------
Melee: Staff             |       |       |       |     2 ||     2
       Kick              |       |       |       |     2 ||     2
 Cast: Sandblast         |    13 |     2 |       |     2 ||    17
       Passwall          |     1 |       |       |       ||     1
       Stone Arrow       |       |     1 |    11 |     4 ||    16
       Lee's Rapid Decon |       |     3 |    23 |    71 ||    97
       Petrify           |       |       |     1 |     4 ||     5
       Fireball          |       |       |       |    14 ||    14
       Olgreb's Toxic Ra |       |       |       |     1 ||     1
       Ignite Poison     |       |       |       |     1 ||     1
       Bolt of Magma     |       |       |       |     2 ||     2
       Iron Shot         |       |       |       |     2 ||     2
Evoke: Lightning rod     |       |       |     1 |    10 ||    11
       Tin of tremorston |       |       |       |     1 ||     1
  Use: Potion            |     1 |       |       |     2 ||     3
       Scroll            |       |       |       |     5 ||     5
Armor: Robe              |     1 |       |       |     1 ||     2
Dodge: Dodged            |       |       |       |    18 ||    18

Table legend: (Time is in decaauts)
 A = Elapsed time spent in this place.
 B = Non-inter-level travel time spent in this place.
 C = Inter-level travel time spent in this place.
 D = Time resting spent in this place.
 E = Time spent auto-exploring this place.
 F = Levels seen in this place.
 G = Mean time per level.
                   A        B        C        D        E       F      G
               +--------+--------+--------+--------+--------+-----+--------+
         Total |   3328 |   3328 |      0 |   2147 |      9 |   1 | 3328.0 |
       Dungeon |   3328 |   3328 |      0 |   2147 |      9 |   1 | 3328.0 |
               +--------+--------+--------+--------+--------+-----+--------+

Top non-repeatable levels by time:
       D: 3328 daAuts
